Map: Ley Lines

Players

kitune

  • Race: Protoss Protoss
  • Spawn Location: 7:00

A.I. 1 (Very Easy) - Winner!

  • Race: Protoss Protoss
  • Spawn Location: 1:00

VOD

Have the link to the VOD?

Description

Time

  • Played on: Aug. 19, 2025, 5:20 a.m.
  • Length: 3:52
Show
View Real Time Build Order
Export as new Build Order

kitune Protoss 

Build Orders: 1 Gate Expand 

Get SALT Encoding   

  12  0:01  Probe  
  13  0:13  Probe  
  14  0:18  Pylon  
  14  0:25  Probe  
  15  0:36  Probe  
  15  0:40  Gateway  
  16  0:44  Probe  
  17  0:52  Probe  
  17  0:53  Assimilator  
  18  1:04  Probe  
  19  1:16  Probe  
  20  1:26  Nexus  
  20  1:37  Cybernetics Core  
  20  1:41  Probe  
  20  1:45  Assimilator  
  21  1:53  Probe, Pylon  
  22  2:05  Probe  
  23  2:13  Stargate  
  23  2:19  Stalker  
  25  2:28  Shield Battery  
  25  2:34  Forge  
  25  2:36  Probe  
  25  2:37  Probe  
  27  2:45  Probe x2  
  29  2:57  Void Ray  
  29  3:05  Probe  
  34  3:08  Probe  
  35  3:17  Shield Battery  
  34  3:21  Probe x2  
  36  3:40  Pylon  
Show
View Real Time Build Order
Export as new Build Order

A.I. 1 (Very Easy) Protoss - Winner!

Build Orders: 1 Gate Expand, Nexus First 

Get SALT Encoding   

  12  0:00  Probe  
  13  0:13  Probe  
  14  0:19  Pylon  
  14  0:42  Gateway  
  14  1:00  Nexus  
  14  1:19  Pylon  
  14  1:21  Zealot  
  14  1:25  Assimilator  
  16  1:37  Cybernetics Core  
  16  1:38  Probe  
  17  1:50  Probe  
  18  1:59  Assimilator  
  18  2:00  Probe  
  18  2:06  Stalker  
  19  2:08  Probe  
  20  2:17  Probe  
  23  2:22  Probe  
  24  2:31  Probe  
  25  2:38  Probe  
  26  2:45  Probe  
  26  2:47  Pylon  
  27  2:53  Probe  
  28  3:00  Probe  
  28  3:04  Probe  
  30  3:13  Robotics Facility  
  30  3:14  Probe  
  30  3:19  Probe  
  32  3:27  Probe  
  35  3:37  Probe  
  36  3:47  Assimilator  
Tags
 
Add a new tag
Caveats
  • Supply blocks, unpowered buildings, or Contaminate may cause inaccurate times.
  • Supply counts are checked every 10 seconds.